 Dungeon Crawl Stone Soup version 0.23-a0-338-g8ff0b24 (webtiles) character file.

277 Garbasso the Digger (level 6, -4/48 HPs)
             Began as a Formicid Earth Elementalist on Oct 18, 2018.
             Was an Initiate of Yredelemnul.
             Slain by an ice beast (14 damage)
             ... on level 5 of the Dungeon.
             The game lasted 00:13:38 (4424 turns).

Garbasso the Digger (Formicid Earth Elementalist)   Turns: 4424, Time: 00:13:39

Health: -4/48      AC:  2    Str: 12    XL:     6   Next: 50%
Magic:  4/11       EV: 12    Int: 17    God:    Yredelemnul [......]
Gold:   166        SH:  2    Dex: 11    Spells: 0/11 levels left

rFire    . . .     SeeInvis +   m - +0 long sword
rCold    . . .     Gourm    .   (no shield)
rNeg     . . .     Faith    .   c - +0 robe
rPois    .         Spirit   .   (helmet unavailable)
rElec    .         Reflect  +   (no cloak)
rCorr    .         Harm     .   (no gloves)
MR       .....                  (no boots)
Stlth    ++........             i - +2 amulet of reflection
HPRegen  0.16/turn              (no ring)
MPRegen  0.12/turn              (no ring)

@: no status effects
A: permanent stasis, dig shafts and tunnels, four strong arms, antennae 3
a: Dig, Shaft Self, Renounce Religion


You were on level 5 of the Dungeon.
You worshipped Yredelemnul.
Yredelemnul was noncommittal.
You were not hungry.

You visited 1 branch of the dungeon, and saw 5 of its levels.

You collected 166 gold pieces.

Inventory:

Hand Weapons
 m - a +0 long sword (weapon)
Missiles
 b - 56 stones (quivered)
 o - 2 throwing nets
Armour
 c - a +0 robe (worn)
Jewellery
 f - an uncursed ring of positive energy {unknown}
 i - a +2 amulet of reflection (around neck)
 n - an uncursed ring of stealth {unknown}
 q - an uncursed ring of flight {unknown}
Wands
 u - a wand of polymorph (13)
Scrolls
 a - a scroll of enchant weapon
 e - a scroll of identify
 h - 2 scrolls of remove curse {unknown}
 l - a scroll of fog
 t - a scroll of magic mapping {unknown}
 v - a scroll of immolation {unknown}
Potions
 g - a potion of degeneration {unknown}
 j - 3 potions of lignification
 k - 3 potions of ambrosia {unknown}
 r - 2 potions of curing {unknown}
 s - 2 potions of brilliance {unknown}
Comestibles
 d - 7 rations
 p - a chunk of flesh


   Skills:
 + Level 3.7 Fighting
 - Level 1.7 Dodging
 - Level 2.4 Stealth
 + Level 3.3 Spellcasting
 - Level 1.1 Transmutations
 * Level 6.0 Earth Magic
 + Level 0.7 Invocations


You couldn't memorise any spells.
You knew the following spells:

 Your Spells              Type           Power        Failure   Level  Hunger
a - Sandblast             Erth           ###...       1%          1    None
b - Passwall              Tmut/Erth      ###.....     6%          2    ##.....
c - Stone Arrow           Conj/Erth      ##....       14%         3    ###....
d - Lee's Rapid Deconstr  Erth           ###.......   36%         5    ######.

Your spell library contained the following spells:

 Spells                   Type           Power        Failure   Level  Hunger
 Summon Small Mammal      Summ           #...         17%         1    None
 Call Imp                 Summ           #.......     26%         2    ##.....
 Petrify                  Tmut/Erth      ###.....     36%         4    ####...
 Call Canine Familiar     Summ           #.......     45%         3    ###....
 Summon Guardian Golem    Hex/Summ       #.......     45%         3    ###....
 Summon Ice Beast         Ice/Summ       #.......     86%         4    ####...
 Summon Lightning Spire   Summ/Air       #.......     86%         4    ####...


Dungeon Overview and Level Annotations

Branches:
Dungeon (5/15)             Temple (0/1) D:5

Altars:
Dithmenos
Elyvilon
Hepliaklqana
Makhleb
Trog
Yredelemnul

Annotations:
D:5 exclusion: oklob sapling


Innate Abilities, Weirdness & Mutations

You cannot be hasted, slowed, berserked, paralysed or teleported.
You can dig through walls and to a lower floor.
Your four strong arms can wield two-handed weapons with a shield.
You have a pair of large antennae on your head. (SInv)


Message History

Press: ? - help, Shift-Dir - straight line, f/p - ice beast
Aim: an ice beast (heavily wounded)
The blast of sand hits the ice beast.
The ice beast is heavily wounded.
b - 57 stones The ice beast hits you.
The ice beast freezes you.
* * * LOW HITPOINT WARNING * * *
Casting: Sandblast (safe; 1% risk of failure)
Confirm with . or Enter, or press ? or * to list all spells.
Aiming: Sandblast (safe; 1% risk of failure)
Press: ? - help, Shift-Dir - straight line, f/p - ice beast
Aim: an ice beast (heavily wounded)
The blast of sand hits the ice beast.
The ice beast is almost dead.
b - 56 stones The ice beast hits you.
* * * LOW HITPOINT WARNING * * *
The ice beast freezes you!
You die...
Your body rises from the dead as a mindless zombie.

#.#.[# # #.# ... ..
#.#>.# #.#.# .. ..
#.#..# #.#.# ....
#.#..#####.#.<#
..#.###.#.......###.#
...........#.###.#...
###.###.####..###.##.
#.###.##.## ##.#
####. #..<..@..# ..
#. . ......Y##.# .##
#. .. ##.##.. ..# ..
#. .. #.# ### .# #.
#. #. { .. ##


You could see an ice beast.

Vanquished Creatures
  Natasha (thrice) (D:2)
  A worker ant (D:4)
  Robin (D:2)
  6 gnolls (D:2)
  4 adders
  A worm (D:3)
  A dart slug (D:1)
  5 leopard geckos
  7 bats
  7 giant cockroaches
  13 goblins
  4 hobgoblins
  5 jackals
  8 kobolds
  3 frilled lizards
  A quokka zombie (D:4)
  4 rats
74 creatures vanquished.

Notes
Turn   | Place    | Note
-------+----------+-------------------------------------------
     0 | D:1      | Garbasso the Formicid Earth Elementalist began the quest
                  | for the Orb.
     0 | D:1      | Reached XP level 1. HP: 13/13 MP: 3/3
   104 | D:1      | Reached skill level 4 in Earth Magic
   109 | D:1      | Reached XP level 2. HP: 20/20 MP: 0/5
   123 | D:1      | Learned a level 2 spell: Passwall
   794 | D:1      | Reached skill level 1 in Fighting
   878 | D:1      | Reached XP level 3. HP: 26/26 MP: 6/6
   883 | D:1      | Learned a level 3 spell: Stone Arrow
  1287 | D:2      | Noticed Natasha
  1312 | D:2      | Noticed Robin
  1395 | D:2      | Reached XP level 4. HP: 33/33 MP: 1/7
  1466 | D:2      | Killed Robin
  1930 | D:2      | Reached skill level 5 in Earth Magic
  2194 | D:2      | Killed Natasha
  2194 | D:2      | Reached XP level 5. HP: 39/39 MP: 6/9
  2863 | D:2      | Noticed Natasha
  2870 | D:2      | Killed Natasha
  2870 | D:2      | Reached XP level 6. HP: 36/47 MP: 4/10
  2969 | D:2      | Noticed Natasha
  2973 | D:2      | Killed Natasha
  3025 | D:3      | Found a basalt altar of Yredelemnul.
  3033 | D:3      | Became a worshipper of Yredelemnul the Dark
  3086 | D:3      | Found a white marble altar of Elyvilon.
  3151 | D:3      | Found a burning altar of Makhleb.
  3151 | D:3      | Found a bloodstained altar of Trog.
  3643 | D:3      | Learned a level 5 spell: Lee's Rapid Deconstruction
  4058 | D:4      | Reached skill level 6 in Earth Magic
  4336 | D:4      | Found a hazy altar of Hepliaklqana.
  4336 | D:4      | Found a shadowy altar of Dithmenos.
  4373 | D:5      | Entered Level 5 of the Dungeon
  4373 | D:5      | Found a staircase to the Ecumenical Temple.
  4416 | D:5      | Noticed an ice beast
  4424 | D:5      | Slain by an ice beast

Vault maps used:
D:1:      dpeg_arrival_chase, minmay_misc_feat_encased
D:2:      uniq_robin, uniq_natasha
D:3:      kennysheep_ying_yang, gammafunk_temple_overflow_elements,
          serial_bayou_lagoon_b
D:4:      gammafunk_temple_overflow_wave, first_ration
D:5:      minmay_temple_entry_oklob, minmay_misc_feat_tower,
          nicolae_ru_sacrificial_ziggurat, uniq_blork_the_orc

Skill      XL: |  1  2  3  4  5  6 |
---------------+-------------------+-----
Earth Magic    | 4 5 6 |  6.0
Fighting       | 1 2 3 |  3.7
Spellcasting   | 3 |  3.3
Dodging        | |  1.7
Stealth        | |  2.4
Transmutations | |  1.1
Invocations    | |  0.7

Action                   |  1- 3 |  4- 6 || total
-------------------------+-------+-------++-------
Melee: Short sword       |    29 |    45 ||    74
       Long sword        |       |     6 ||     6
 Cast: Sandblast         |    20 |    67 ||    87
       Passwall          |     3 |     1 ||     4
       Stone Arrow       |     1 |     5 ||     6
  Use: Scroll            |       |     6 ||     6
 Stab: Sleeping          |       |     2 ||     2
  Eat: Chunk             |     2 |     7 ||     9
       Ration            |       |     1 ||     1
Armor: Robe              |     8 |    16 ||    24
Dodge: Dodged            |    22 |    49 ||    71
Block: Other             |       |     2 ||     2
       Rpst.: Long sword |       |     1 ||     1

Table legend:
 A = Non-vault XP
 B = Vault XP
 C = Vault XP percentage of total XP
 D = Non-vault monster count
 E = Vault monster count
 F = Vault count percentage of total count
                 A         B        C        D         E       F
            +---------+---------+-------+---------+---------+-------
      Total |     329 |      67 |  16.9 |      62 |      12 |  16.2
            +---------+---------+-------+---------+---------+-------
        D:1 |      33 |       0 |   0.0 |      18 |       0 |   0.0
        D:2 |     211 |      67 |  24.1 |      23 |      12 |  34.3
        D:3 |      43 |       0 |   0.0 |      15 |       0 |   0.0
        D:4 |      42 |       0 |   0.0 |       6 |       0 |   0.0
            +---------+---------+-------+---------+---------+-------
